[Event "Live Chess"]
[Site "Chess.com"]
[Date "2023.05.20"]
[Round "-"]
[White "MarkLim1"]
[Black "wadsy27"]
[Result "0-1"]
[WhiteElo "1602"]
[BlackElo "2587"]
[TimeControl "300"]
[EndTime "9:42:13 PDT"]
[Termination "wadsy27 won by resignation"]

1. d4 d5 2. Nf3 Nf6 3. c4 c6 4. cxd5 cxd5 5. Nc3 Nc6 6. Bf4 a6 7. Rc1 Bf5 8. e3 e6 9. Be2 Be7 10. O-O O-O 11. h3 h6 12. Qb3 Na5 13. Qd1 b5 14.
a3 Nc4 15. Qb3 Ne4 16. Rfd1 g5 17. Bh2 f6 18. Nxe4 Bxe4 19. Nd2 Bg6 20. Nxc4 bxc4 21. Qc3 Qb6 22. f3 Ra7 23. Re1 Rb7 24. e4 e5 25.
exd5 exd4 26. Qxc4 d3+ 27. Kh1 d2 0-1

[Event "Live Chess"]
[Site "Chess.com"]
[Date "2023.05.20"]
[Round "-"]
[White "viktorskliarov"]
[Black "Jio85"]
[Result "1-0"]
[WhiteElo "2644"]
[BlackElo "2026"]
[TimeControl "300"]
[EndTime "9:42:15 PDT"]
[Termination "viktorskliarov won by resignation"]

1. e4 Nf6 2. Nc3 d5 3. exd5 Nxd5 4. Bc4 c6 5. Qf3 Be6 6. Nge2 Nd7 7. d4 N7f6 8. O-O g6 9. a3 Qd7 10. h3 Bg7 11. Bd3 Nxc3 12. bxc3 Bd5 13. Qe3 Be6 14. Nf4 Nd5 15. Qg3 Nxc3 16. Nxe6 Qxe6 17. Bf4 O-O 18. Rfe1 Qd7 19. Be5 Nd5 20. c4 Nf6 21. Rad1 Nh5 22. Qf3 Rad8 23. Bc2 Nf6 24. g4 h6 25. Kg2 Nh7 26. Rb1 Ng5 27. Qe3 f6 28. Bg3 Qxd4 29. Qxd4 Rxd4 30. Rxe7 Rf7 31. Rbxb7 Rxe7 32. Rxe7 Kh7 33. h4 Rxc4 34. hxg5 Rxc2 35.
gxf6 Ra2 36. Rxg7+ 1-0

[Event "Live Chess"]
[Site "Chess.com"]
[Date "2023.05.20"]
[Round "-"]
[White "Ian-Morley"]
[Black "SupremeTactician"]
[Result "0-1"]
[WhiteElo "1080"]
[BlackElo "2405"]
[TimeControl "300"]
[EndTime "9:42:16 PDT"]
[Termination "SupremeTactician won by resignation"]

1. e4 e5 2. Nf3 Nc6 3. Bc4 Bc5 4. c3 Nf6 5. d3 O-O 6. O-O d5 7. Bb3 dxe4 8. dxe4 Qxd1 9. Rxd1 Nxe4 10. Be3 Bxe3 11. fxe3 Nc5 12. Nbd2 Nxb3 13. Nxb3 b6 14.
a4 a5 15. e4 Be6 16. Nbd2 Rad8 17. Nf1 Rxd1 18. Rxd1 Rd8 19. Rxd8+ Nxd8 20. Nxe5 Bb3 21. Nd2 Bxa4 22. Ndc4 Bb5 23. Kf2 f6 24. Nxb6 cxb6 25. Nf3 Ne6 26. e5 Bc6 27. exf6 Bxf3 28. f7+ Kxf7 29.
gxf3 Kf6 30. Ke3 Ke5 31. h4 h6 32. h5 Nf4 33. b4 axb4 34. cxb4 Nxh5 35. Kd3 Nf4+ 36.
Kc4 g5 37. Kb5 Nd5 38. Kc6 h5 0-1

[Event "Live Chess"]
[Site "Chess.com"]
[Date "2023.05.20"]
[Round "-"]
[White "Andysav3"]
[Black "WelshTiger"]
[Result "0-1"]
[WhiteElo "1688"]
[BlackElo "2431"]
[TimeControl "300"]
[EndTime "9:42:25 PDT"]
[Termination "WelshTiger won by resignation"]

1. e4 c5 2. c3 Nf6 3. e5 Nd5 4.
d4 cxd4 5. Bc4 e6 6. Bxd5 exd5 7.
Qxd4 Qa5 8. b4 Qb5 9. a4 Qc6 10. Nf3 Be7 11. O-O O-O 12. Be3 d6 13. Rd1 Be6 14.
Na3 Nd7 15. exd6 Bf6 16. Qd3 a6 17. Rac1 Qxd6 18. c4 Qxb4 19. cxd5 Bg4 20. Nc2 Qxa4 21. Nce1 Rac8 22. h3 Bh5 23. g4 Bg6 24. Qd2 Rxc1 25.
Rxc1 Ne5 26. Nd4 Be4 27. g5 Be7 28. Bf4 Bd6 29. f3 Bg6 30. Kf2 Rd8 31. Nec2 Nd3+ 32. Kg1 Bxf4 0-1

[Event "Live Chess"]
[Site "Chess.com"]
[Date "2023.05.20"]
[Round "-"]
[White "ranvir123"]
[Black "NatashaRegan"]
[Result "1-0"]
[WhiteElo "855"]
[BlackElo "1797"]
[TimeControl "300"]
[EndTime "9:42:31 PDT"]
[Termination "ranvir123 won by resignation"]

1. e4 c6 2. d4 d5 3. e5 Bf5 4.
Nf3 e6 5. Nc3 Nd7 6. Bd3 Bxd3 7.
Qxd3 c5 8. Bg5 Qa5 9. O-O h6 10. Bh4 cxd4 11. Nxd4 Bb4 12. Ncb5 Nxe5 13. Qg3 Ng6 14.
Nc7+ Kd7 15. Nxa8 Bd6 16. Qb3 b6 17. Bg3 e5 18. Nb5 Nf6 19. Rfd1 Rxa8 20. Rxd5 Nxd5 21. Qxd5 Qb4 22. Rd1 Rc8 23. Qb7+ Kd8 24. Rxd6+ Qxd6 25. Nxd6 Rxc2 26. Nxf7+ Ke8 27. Nd6+ Kd8 28. Qb8+ Kd7 29. Qe8+ Kxd6 30. Qxg6+ Kd5 31. Qxc2 1-0

[Event "Live Chess"]
[Site "Chess.com"]
[Date "2023.05.20"]
[Round "-"]
[White "zdanevych"]
[Black "tuppyglossop"]
[Result "1-0"]
[WhiteElo "1526"]
[BlackElo "1599"]
[TimeControl "300"]
[EndTime "9:42:31 PDT"]
[Termination "zdanevych won by resignation"]

1. d4 d5 2. c4 e6 3. cxd5 exd5 4. Nc3 Nf6 5. Nf3 c6 6. h3 Be7 7. Bf4 O-O 8. e3 Re8 9. Bd3 a6 10. O-O Nbd7 11. Rc1 Nf8 12. Bb1 Bd6 13. Bg5 h6 14.
Bxf6 Qxf6 15. Re1 Bd7 16. Ne2 Bxh3 17. gxh3 Qxf3 18. Ng3 Bxg3 19. Qxf3 Bxf2+ 20. Qxf2 Ng6 21. Bxg6 fxg6 22. Qg2 1-0

[Event "Live Chess"]
[Site "Chess.com"]
[Date "2023.05.20"]
[Round "-"]
[White "killershark69420"]
[Black "Crowded_House"]
[Result "0-1"]
[WhiteElo "293"]
[BlackElo "1678"]
[TimeControl "300"]
[EndTime "9:42:35 PDT"]
[Termination "Crowded_House won by resignation"]

1. e4 e6 2. d4 d5 3. exd5 exd5 4. Bb5+ c6 5. Bf1 Bd6 6. Qh5 Nf6 7. Qg5 O-O 8. h4 Re8+ 9. Be2 Qe7 10. h5 h6 11.
Qe3 Qxe3 12. Bxe3 Bf5 13. Rh4 Bxc2 14. Bf4 Bxf4 15. Rxf4 Nbd7 16. g4 Re4 17. Rxe4 Nxe4 18. Bf3 Re8 19. Nd2 Nxd2+ 20. Kxd2 Be4 21. Bxe4 Rxe4 22.
Re1 Rxe1 23. Kxe1 Nf6 24. Nf3 Nxg4 25. Ng5 hxg5 0-1

[Event "Live Chess"]
[Site "Chess.com"]
[Date "2023.05.20"]
[Round "-"]
[White "Singapourfeuj"]
[Black "boilerboy1"]
[Result "1-0"]
[WhiteElo "2290"]
[BlackElo "1095"]
[TimeControl "300"]
[EndTime "9:42:42 PDT"]
[Termination "Singapourfeuj won on time"]

1. d4 Nf6 2. Nc3 g6 3. Bg5 Bg7 4. e4 c5 5. d5 d6 6. h4 h5 7. f3 Nbd7 8. Be2 Ne5 9. Qd2 Bd7 10. a4 a6 11. a5 O-O 12. Nh3 c4 13. Bh6 e6 14.
Bxg7 Kxg7 15. dxe6 Bxe6 16. Nf2 d5 17. f4 Neg4 18. e5 Nxf2 19. exf6+ Qxf6 20. Kxf2 d4 21. Ne4 Qf5 22. Ng5 Bd5 23. Qxd4+ Kg8 24. Rac1 Rfe8 25. Bf3 Bxf3 26. Nxf3 Red8 27. Qxc4 Rac8 28. Qb3 Qxf4 29. Rhd1 Re8 30. g3 Qf5 31. c4 Qxa5 32. Re1 Qc5+ 33. Kg2 Qc6 34. Rxe8+ Rxe8 35. Qd3 Qc5 36. Rc2 Kh7 37.
Qd5 1-0

[Event "Live Chess"]
[Site "Chess.com"]
[Date "2023.05.20"]
[Round "-"]
[White "Ferrarifan27"]
[Black "Bot_Boy"]
[Result "1-0"]
[WhiteElo "2108"]
[BlackElo "329"]
[TimeControl "300"]
[EndTime "9:42:44 PDT"]
[Termination "Ferrarifan27 won by resignation"]

1. e4 c6 2. d4 d5 3. e5 Bf5 4. h4 e6 5. g4 Be4 6. f3 Qa5+ 7. Bd2 Bb4 8. fxe4 Bxd2+ 9. Qxd2 Qxd2+ 10. Nxd2 Nd7 11. exd5 exd5 12. Ngf3 f6 13. O-O-O O-O-O 14. Bh3 Kc7 15. g5 fxe5 16. Nxe5 Nxe5 17. dxe5 Ne7 18. Rhf1 g6 19. Rf7 Rhe8 20. Rdf1 b5 21. Rxh7 d4 22. Rff7 Kb6 23. Rxe7 Rxe7 24. Rxe7 d3 25. Rd7 Rxd7 26. Bxd7 Kc7 27. Be8 a5 28. Bxg6 dxc2 29. Bxc2 Kd7 30. Bf5+ Ke7 31. g6 1-0

[Event "Live Chess"]
[Site "Chess.com"]
[Date "2023.05.20"]
[Round "-"]
[White "CheckThis4"]
[Black "nick1993"]
[Result "1-0"]
[WhiteElo "2538"]
[BlackElo "2119"]
[TimeControl "300"]
[EndTime "9:42:46 PDT"]
[Termination "CheckThis4 won by resignation"]

1. Nf3 Nf6 2. c4 g6 3. Nc3 Bg7 4. e4 d6 5. d4 Bg4 6. Be2 Nbd7 7. Be3 c5 8. d5 Qb6 9. Rb1 O-O 10. Nd2 Bxe2 11.
Qxe2 Ne5 12. h3 Rfe8 13. O-O e6 14. f4 Ned7 15. b4 Qc7 16. Nb5 Qb8 17. bxc5 Nxc5 18. Bxc5 dxc5 19. e5 exd5 20. Qf3 Ne4 21. Nxe4 dxe4 22.
Qxe4 a6 23. Nc3 b6 24. Nd5 Re6 25. Nc7 Qxc7 26. Qxa8+ Bf8 27. Rbd1 f6 28. Rd8 Qe7 29. Qc8 fxe5 30. Rxf8+ Kg7 31. fxe5 Rxe5 32. R8f7+ Qxf7 33. Rxf7+ Kxf7 34. Qc7+ Re7 35. Qxb6 Re1+ 36. Kh2 Rc1 37.
Qxc5 Rc2 38. Qa7+ Kf6 39. Qxa6+ Kg7 40. c5 1-0

[Event "Live Chess"]
[Site "Chess.com"]
[Date "2023.05.20"]
[Round "-"]
[White "Delacorta"]
[Black "stevefairhurst"]
[Result "1-0"]
[WhiteElo "1383"]
[BlackElo "538"]
[TimeControl "300"]
[EndTime "9:42:48 PDT"]
[Termination "Delacorta won by checkmate"]

1. d4 d5 2. Nf3 Nf6 3. e3 e6 4. Bd3 Nc6 5. b3 Bb4+ 6. Nbd2 O-O 7. O-O Qd6 8. a3 Bc3 9. Rb1 e5 10. dxe5 Nxe5 11. Nxe5 Qxe5 12. Nf3 Qh5 13. h3 Qh6 14. e4 Qh5 15. e5 Ne4 16. Bxe4 dxe4 17. Nd2 Bxe5 18. Qxh5 g6 19. Qxe5 Be6 20. Bb2 Rae8 21.
Qg7# 1-0

[Event "Live Chess"]
[Site "Chess.com"]
[Date "2023.05.20"]
[Round "-"]
[White "ramses-IIG"]
[Black "SaraTang"]
[Result "1-0"]
[WhiteElo "744"]
[BlackElo "164"]
[TimeControl "300"]
[EndTime "9:43:04 PDT"]
[Termination "ramses-IIG won by checkmate"]

1. e4 e5 2. Nf3 Nc6 3. Bc4 Bc5 4. d3 d6 5. c3 Nf6 6. Ng5 O-O 7. h4 h6 8. d4 hxg5 9. hxg5 Nxe4 10. Qh5 g6 11. Qh8# 1-0

[Event "Live Chess"]
[Site "Chess.com"]
[Date "2023.05.20"]
[Round "-"]
[White "VovaOvchar1990"]
[Black "friarnator"]
[Result "0-1"]
[WhiteElo "1201"]
[BlackElo "1978"]
[TimeControl "300"]
[EndTime "9:43:05 PDT"]
[Termination "friarnator won by resignation"]

1. e4 Nf6 2. Bc4 Nxe4 3. d3 Nf6 4. Nf3 d5 5. Bb3 Bg4 6. O-O e6 7. h3 Bh5 8. Nbd2 Be7 9. Qe1 O-O 10. Nh2 c5 11. c3 d4 12. c4 Nc6 13. Ndf3 Bg6 14. Ne5 Nxe5 15. Qxe5 Bxd3 16. Qg3 Bxf1 17. Nxf1 Bd6 18.
Bf4 Nh5 19. Qh2 Bxf4 0-1

[Event "Live Chess"]
[Site "Chess.com"]
[Date "2023.05.20"]
[Round "-"]
[White "Pandreq"]
[Black "lateforthesky"]
[Result "0-1"]
[WhiteElo "1257"]
[BlackElo "2077"]
[TimeControl "300"]
[EndTime "9:43:06 PDT"]
[Termination "lateforthesky won by resignation"]

1. d4 Nf6 2. c4 g6 3. Nc3 Bg7 4. Bf4 d6 5. e3 O-O 6. Nf3 Nc6 7. d5 e5 8. dxe6 fxe6 9. Nd4 Bd7 10.
Nxc6 Bxc6 11. b4 Nh5 12. Ne2 Bxa1 13. Qxa1 Nxf4 14. Nxf4 Qe7 15. Bd3 e5 16. Nxg6 hxg6 17. Bxg6 Qg5 18. Qb1 Qxg2 19. Bh7+ Kh8 20. Rf1 Rf7 21. Bg6 Rg7 22. b5 Bf3 23. Bf5 Rag8 24. Be6 Qxf1+ 0-1

[Event "Live Chess"]
[Site "Chess.com"]
[Date "2023.05.20"]
[Round "-"]
[White "GMHarry-youtube"]
[Black "LL220284LL"]
[Result "1/2-1/2"]
[WhiteElo "2177"]
[BlackElo "2405"]
[TimeControl "300"]
[EndTime "9:43:16 PDT"]
[Termination "Game drawn by stalemate"]

1. e4 g6 2. d4 Bg7 3. c4 c5 4. d5 d6 5. Nc3 f5 6. f3 Nf6 7. Bd3 fxe4 8. Nxe4 Nxe4 9. fxe4 O-O 10. Nf3 e6 11.
O-O exd5 12. exd5 Bg4 13. h3 Bf5 14. Bg5 Qc8 15. g4 Bxd3 16. Qxd3 Nd7 17. Be7 Ne5 18. Nxe5 Rxf1+ 19. Rxf1 Bxe5 20. Bf6 Qe8 21. Re1 Bd4+ 22. Kf1 Qf7 23. g5 Bxf6 24. gxf6 Qxf6+ 25. Kg1 Rf8 26. Re6 Qf2+ 27. Kh1 Rf3 28. Rxg6+ Kh8 29. Qxf3 Qxf3+ 30. Rg2 Qxh3+ 31. Kg1 Qe3+ 32. Kh1 Qc1+ 33. Kh2 Qxc4 34. Rg5 Qxa2 35. Rg3 Qxb2+ 36. Kh3 Qe5 37. Kh2 c4 38. Kg2 Qxg3+ 39. Kh1 c3 1/2-1/2

[Event "Live Chess"]
[Site "Chess.com"]
[Date "2023.05.20"]
[Round "-"]
[White "BillW-GrangerIN"]
[Black "Brooms1989"]
[Result "0-1"]
[WhiteElo "179"]
[BlackElo "966"]
[TimeControl "300"]
[EndTime "9:43:28 PDT"]
[Termination "Brooms1989 won by resignation"]

1. e4 e5 2. Nf3 Nc6 3. Bc4 Nf6 4. c3 Nxe4 5. O-O d5 6. d4 dxc4 7. dxe5 Qxd1 8. Rxd1 Bc5 9. Kf1 Nxf2 10. Rd5 Bb6 11. Nbd2 Be6 0-1

[Event "Live Chess"]
[Site "Chess.com"]
[Date "2023.05.20"]
[Round "-"]
[White "OceanFloater"]
[Black "Misha145Chess"]
[Result "1-0"]
[WhiteElo "984"]
[BlackElo "584"]
[TimeControl "300"]
[EndTime "9:43:29 PDT"]
[Termination "OceanFloater won on time"]

1. e4 e5 2. Nf3 Nc6 3. Bc4 h6 4. Nc3 Nf6 5. d3 Bb4 6. Bd2 O-O 7. a3 Ba5 8. b4 Bb6 9. b5 Na5 10. Ba2 Re8 11. Na4 Bd4 12. c3 Bb6 13. Nxb6 axb6 14.
c4 d6 15. O-O Bg4 16. h3 Bh5 17. Re1 c6 18. Re3 d5 19. exd5 cxd5 20. cxd5 Nxd5 21.
Rxe5 Rxe5 22. Bxd5 Qxd5 23. Bxa5 bxa5 24. g4 Ree8 25.
gxh5 Qxh5 26. Kh2 g5 27. Kg2 g4 28. hxg4 Qxg4+ 29. Kf1 Qh3+ 30. Kg1 Rad8 31. d4 Qg4+ 32. Kf1 h5 33. Qd3 h4 34. Re1 Rxe1+ 35. Kxe1 h3 36. Ke2 Qe6+ 37. Ne5 Qxe5+ 38. Kf1 Qxd4 39. Qxh3 Qd1+ 40.
Kg2 Qd5+ 41. f3 Qxb5 42. Qg4+ Kf8 43. Qf4 Rd2+ 44. Kg3 Rd8 45. Qh6+ Ke8 46. Qh8+ Kd7 47. Qh3+ 1-0

[Event "Live Chess"]
[Site "Chess.com"]
[Date "2023.05.20"]
[Round "-"]
[White "CocheseUK"]
[Black "thrithik"]
[Result "1-0"]
[WhiteElo "1117"]
[BlackElo "457"]
[TimeControl "300"]
[EndTime "9:43:31 PDT"]
[Termination "CocheseUK won by checkmate"]

1. e4 Nc6 2. d4 Nxd4 3. Qxd4 d6 4. Nc3 c5 5. Qe3 b6 6. Bb5+ Bd7 7. Bxd7+ Kxd7 8. Bd2 Ke8 9. O-O-O Qc7 10. Nf3 Qc6 11. Nd5 Qa4 12. Nc7+ Kd8 13. Nxa8 Qxa2 14. Bc3 Qa1+ 15.
Kd2 e5 16. Rxa1 Be7 17. Nxb6 axb6 18. Ra8+ Kc7 19. Nxe5 Kb7 20. Rha1 dxe5 21. Bxe5 Bh4 22. Qh3 Bxf2 23. Qd7# 1-0

[Event "Live Chess"]
[Site "Chess.com"]
[Date "2023.05.20"]
[Round "-"]
[White "aliciabutteriss"]
[Black "toxic_rabbit"]
[Result "0-1"]
[WhiteElo "511"]
[BlackElo "1988"]
[TimeControl "300"]
[EndTime "9:43:38 PDT"]
[Termination "toxic_rabbit won by resignation"]

1. e4 e6 2. d4 d5 3. Nc3 Nf6 4. e5 Nfd7 5. f4 c5 6. dxc5 Bxc5 7. Bd2 Nc6 8. Qe2 Nd4 9. Qg4 Nxc2+ 10. Kd1 Nxa1 11. Qxg7 Rf8 12. Qxh7 Bb4 13. Bb5 a6 14. Bxd7+ Bxd7 15. Nf3 Bxc3 16. Bxc3 Ba4+ 17. Kc1 Bc2 18. Nd4 Bxh7 19. b3 Rc8 20. g4 Rxc3+ 21. Nc2 Rxc2+ 0-1

[Event "Live Chess"]
[Site "Chess.com"]
[Date "2023.05.20"]
[Round "-"]
[White "xx_blindpuffin_xx"]
[Black "TDCMF"]
[Result "1-0"]
[WhiteElo "2188"]
[BlackElo "340"]
[TimeControl "300"]
[EndTime "9:43:42 PDT"]
[Termination "xx_blindpuffin_xx won on time"]

1. e4 e5 2. Nf3 Nc6 3. Bc4 Nh6 4. d3 d6 5. Bxh6 gxh6 6. Nc3 Be6 7. Nd5 Rc8 8. a3 a6 9. c3 b5 10. Ba2 Na5 11. Nd2 c6 12. Nb4 Qb6 13. Bxe6 fxe6 14. Qh5+ Ke7 15. Qh4+ Ke8 16. Qf6 Rg8 17. Qxe6+ Be7 18.
Qxg8+ Kd7 19. Qxh7 Rf8 20. O-O Kd8 21. a4 Bh4 22.
Nf3 Nb3 23. axb5 Nxa1 24. Nxc6+ Kc8 25. Nxh4 Qxb5 26. Na7+ Kb8 27. Nxb5 Rxf2 28. Rxf2 1-0

[Event "Live Chess"]
[Site "Chess.com"]
[Date "2023.05.20"]
[Round "-"]
[White "EdenHazard8"]
[Black "koljadar"]
[Result "1-0"]
[WhiteElo "2122"]
[BlackElo "1520"]
[TimeControl "300"]
[EndTime "9:43:49 PDT"]
[Termination "EdenHazard8 won by checkmate"]

1. e4 e6 2. d4 d5 3. Nd2 dxe4 4.
Nxe4 Nf6 5. Nxf6+ Qxf6 6. Nf3 b6 7. Bd3 h6 8. Be4 c6 9. c3 Bb7 10. Be3 Nd7 11. Qc2 O-O-O 12. O-O-O Kb8 13. h4 Bd6 14. g3 Qe7 15. Qa4 f5 16. Bxc6 Nf6 17. Bxb7 Kxb7 18. Bf4 Ne4 19. Bxd6 Qxd6 20. Rhf1 Rc8 21. Ne5 Rhf8 22. Kb1 g5 23. hxg5 hxg5 24. Rh1 Nxf2 25.
Rh7+ Rc7 26. Rxc7+ Qxc7 27. Rf1 Ne4 28. g4 Nd2+ 29.
Kc2 Nxf1 30. Qb4 Rh8 31. gxf5 Ne3+ 32. Kb3 Nxf5 33. a4 Qd6 34. Qb5 a6 35. Qe2 Qd5+ 36.
Ka3 Rg8 37. Qh5 Qd6+ 38. Ka2 Qf8 39. Qh1+ Ka7 40. Nc6+ Ka8 41. Nd8+ Kb8 42. Qb7# 1-0

[Event "Live Chess"]
[Site "Chess.com"]
[Date "2023.05.20"]
[Round "-"]
[White "Jeffaroow"]
[Black "vinni3012"]
[Result "0-1"]
[WhiteElo "451"]
[BlackElo "1881"]
[TimeControl "300"]
[EndTime "9:43:56 PDT"]
[Termination "vinni3012 won by resignation"]

1. e4 c6 2. Nf3 d5 3. Nc3 dxe4 4. Nxe4 Nf6 5. Nxf6+ exf6 6. Qe2+ Qe7 7. b3 Bg4 8.
Ba3 Qxe2+ 9. Bxe2 Bxa3 10. h3 Bxf3 11. Bxf3 O-O 12. O-O Nd7 13. Rae1 Rfe8 14. Rxe8+ Rxe8 15. Bg4 Ne5 16. Re1 Nf3+ 0-1

[Event "Live Chess"]
[Site "Chess.com"]
[Date "2023.05.20"]
[Round "-"]
[White "Enhard"]
[Black "BearFromUkraine"]
[Result "1-0"]
[WhiteElo "1390"]
[BlackElo "1166"]
[TimeControl "300"]
[EndTime "9:43:58 PDT"]
[Termination "Enhard won by resignation"]

1. d4 d5 2. c4 e6 3. a3 Nf6 4.
Nc3 Be7 5. Bg5 O-O 6. e3 Bd7 7. Be2 dxc4 8. Bxc4 Nc6 9. Nf3 h6 10. Bh4 Be8 11. O-O a6 12. Rc1 b5 13. Be2 Nd5 14. Bxe7 Qxe7 15. Nxd5 exd5 16. b4 Bd7 17.
Rc5 Qe6 18. Qd2 Rfe8 19. Rfc1 Rac8 20. Qd1 Qd6 21. Nd2 Ne7 22. Bg4 Bxg4 23. Qxg4 Ng6 24. Nf3 c6 25. g3 Qe6 26. Qxe6 Rxe6 27. Nd2 Kf8 28. Nb3 Ke7 29. Na5 Kd7 30. Kg2 Ne7 31. h3 h5 32. h4 Nf5 33. Kf3 Rf6 34. Ke2 Re6 35. Nb3 f6 36. Nd2 g5 37. hxg5 fxg5 38. Nf3 Rg6 39. Ne5+ 1-0

[Event "Live Chess"]
[Site "Chess.com"]
[Date "2023.05.20"]
[Round "-"]
[White "miguelchuk"]
[Black "NAZRIZ1977"]
[Result "0-1"]
[WhiteElo "1636"]
[BlackElo "2115"]
[TimeControl "300"]
[EndTime "9:44:01 PDT"]
[Termination "NAZRIZ1977 won on time"]

1. Nf3 g6 2. c4 Bg7 3. Nc3 c5 4. a3 Nf6 5. b4 cxb4 6. axb4 O-O 7. g3 d5 8. Bg2 d4 9. Na4 d3 10. Bb2 dxe2 11. Qxe2 Nc6 12. Bc3 Bf5 13. Nb2 e5 14. O-O e4 15. Ne5 Nxe5 16. Bxe5 Re8 17. Bc3 Bg4 18. Qe3 a6 19. h3 Bd7 20. Na4 Bxa4 21.
Rxa4 Rc8 22. c5 Nd5 23. Qe1 Nxc3 24. dxc3 Qd3 25. Qd1 Red8 26. Qxd3 Rxd3 27. Bxe4 Rd7 28. c4 Rcc7 29. c6 bxc6 30. Rxa6 Rd4 31. Ra8+ Bf8 32.
Bxc6 Rxc6 33. b5 Rcxc4 34. b6 Rb4 35. Rc1 Kg7 36. Rcc8 Bd6 37. Rg8+ Kf6 0-1

[Event "Live Chess"]
[Site "Chess.com"]
[Date "2023.05.20"]
[Round "-"]
[White "grillage"]
[Black "Vedant-1411"]
[Result "1-0"]
[WhiteElo "1841"]
[BlackElo "871"]
[TimeControl "300"]
[EndTime "9:44:04 PDT"]
[Termination "grillage won by resignation"]

1. d4 d5 2. Nc3 Nc6 3. Bf4 a6 4. e3 Nf6 5. Nf3 Bf5 6. a3 e6 7.
Ne5 Bd6 8. Bd3 Bg6 9. Nxc6 bxc6 10. Qf3 Nh5 11. Bxd6 Qxd6 12. Na4 Nf6 13. Nc5 Bh5 14. Qg3 Qxg3 15. hxg3 O-O 16. f3 Bg6 17. Bxg6 fxg6 18. Ke2 Nh5 19. Rh3 Nf6 20. Nxe6 Rf7 21. Rah1 h6 22.
Nf4 g5 23. Nd3 h5 24. Ne5 Re7 25. Nxc6 Re6 26. Nb4 a5 27. Nd3 Rb8 28. b3 Ra8 29. Ne5 a4 30. b4 Rc8 31. Ng4 Nxg4 32. fxg4 hxg4 33. Rh8+ Kf7 34. Rxc8 1-0

[Event "Live Chess"]
[Site "Chess.com"]
[Date "2023.05.20"]
[Round "-"]
[White "f4nomore"]
[Black "HoarseyHorsey"]
[Result "0-1"]
[WhiteElo "1358"]
[BlackElo "1405"]
[TimeControl "300"]
[EndTime "9:44:07 PDT"]
[Termination "HoarseyHorsey won by resignation"]

1. d4 Nf6 2. Bg5 d5 3. Bxf6 exf6 4. Nf3 Bg4 5. e3 Bd6 6. Be2 O-O 7. O-O Nd7 8. h3 Bh5 9. Nh2 Bg6 10. Bd3 c5 11. c3 cxd4 12. cxd4 Rc8 13. Nc3 Nb6 14. Bxg6 fxg6 15. Nf3 a6 16. a3 Re8 17. Qb3 Bc7 18.
Na4 Nxa4 19. Qxa4 h5 20. Rac1 Kh7 21. Nd2 Qd6 22. f4 g5 23. Qd1 Rxe3 24. Qxh5+ Kg8 25.
Nf3 Qxf4 26. Qg4 Ree8 27. Qxf4 Bxf4 28. Rxc8 Rxc8 29. Nh2 Bxh2+ 30. Kxh2 Rc2 31. Re1 Kf7 32. Rb1 Rd2 33. b4 Rxd4 34. Rb3 Ke6 35. b5 a5 36. Rc3 Rc4 37. Re3+ Kd6 38. Rb3 b6 39. Re3 d4 40. Re8 d3 41. Rd8+ Kc5 42. Rxd3 Kxb5 43. Rb3+ Kc5 44. Re3 b5 45. Re5+ fxe5 46. Kg3 b4 47.
axb4+ axb4 48. h4 gxh4+ 49. Kh3 b3 50. g3 hxg3 0-1

[Event "Live Chess"]
[Site "Chess.com"]
[Date "2023.05.20"]
[Round "-"]
[White "YF22Raptor"]
[Black "JackRudd"]
[Result "0-1"]
[WhiteElo "999"]
[BlackElo "2424"]
[TimeControl "300"]
[EndTime "9:44:07 PDT"]
[Termination "JackRudd won on time"]

1. e4 c6 2. d4 d5 3. exd5 cxd5 4. Nf3 Nc6 5. Bb5 Bg4 6. h3 Bxf3 7. Qxf3 e6 8. Be3 Qb6 9. Bxc6+ bxc6 10. b3 Ne7 11.
Nd2 Nf5 12. c3 Qa5 13. Nb1 Qb5 14. g4 Nd6 15. Bd2 Ne4 16. Qe3 a5 17. f3 Nd6 18.
Na3 Qa6 19. Nc2 a4 20. Kf2 h5 21. bxa4 Nc4 22. Qe2 Qxa4 23. Ne3 Nxd2 24. Qxd2 hxg4 25. fxg4 Be7 26. Kf3 Bg5 27. Qd3 Qa6 28. c4 Bxe3 29. Kxe3 dxc4 30. Qc3 Qa3 31. Qxa3 Rxh3+ 32. Rxh3 Rxa3+ 33. Kf2 Rxh3 34. Rc1 Ra3 35. Rxc4 Rxa2+ 36. Kf3 Kd7 37.
Rc3 Kd6 38. Ke4 Ra4 39. Rc5 f6 40. Rh5 e5 41. Rh7 Rxd4+ 42. Kf5 Rf4+ 43. Kg6 Rxg4+ 44. Kf5 Rg5+ 45. Ke4 Ke6 46. Rh8 Rg4+ 47. Kf3 Kf5 48. Rh5+ g5 49. Rh7 Rc4 50. Rh2 g4+ 51. Kg3 Kg5 52.
Rf2 f5 53. Rd2 f4+ 54. Kg2 e4 0-1

[Event "Live Chess"]
[Site "Chess.com"]
[Date "2023.05.20"]
[Round "-"]
[White "alanmike75"]
[Black "TheSmoulderingMaster"]
[Result "0-1"]
[WhiteElo "1490"]
[BlackElo "1791"]
[TimeControl "300"]
[EndTime "9:44:14 PDT"]
[Termination "TheSmoulderingMaster won by resignation"]

1. e4 c5 2. Nf3 d6 3. d4 cxd4 4.
Nxd4 Nf6 5. Bd3 g6 6. O-O Bg7 7. c3 Kf8 8. Nd2 Nc6 9. N2b3 Kg8 10. h3 h6 11. Be3 Kh7 12. Qd2 Re8 13. f4 e5 14.
Nxc6 bxc6 15. f5 Bb7 16. fxg6+ fxg6 17. c4 Qd7 18. Rad1 Rad8 19. Bc2 Qe6 20. Qe2 d5 21.
cxd5 cxd5 22. exd5 Nxd5 23. Be4 Nxe3 24. Qxe3 Rxd1 25. Rxd1 Bxe4 26. Qxe4 Qb6+ 27. Kh1 Qa6 28. a3 Qb5 29. Qb4 Qe2 30. Re1 Qxb2 31. Nc5 Qxb4 32. axb4 Bf8 33. Nd7 Bxb4 34. Rxe5 Rxe5 35. Nxe5 a5 36.
Nc6 Bc3 37. Ne7 a4 38. Nd5 Bd2 0-1

[Event "Live Chess"]
[Site "Chess.com"]
[Date "2023.05.20"]
[Round "-"]
[White "wot-not"]
[Black "fgreen"]
[Result "1-0"]
[WhiteElo "1474"]
[BlackElo "1366"]
[TimeControl "300"]
[EndTime "9:44:18 PDT"]
[Termination "wot-not won on time"]

1. e4 d6 2. f4 g6 3. Nf3 h5 4. d4 Bg7 5. Bc4 e6 6. O-O Nh6 7. c3 c6 8. Be3 d5 9. Bd3 Ng4 10.
Bf2 Nxf2 11. Rxf2 Nd7 12. e5 h4 13. h3 Nb6 14. b3 Bh6 15. Nh2 g5 16. Ng4 Bg7 17. Nd2 Bd7 18. Qc1 Qe7 19. Nf3 gxf4 20. Qxf4 O-O-O 21. Nfh2 Rdg8 22. Qxf7 Qxf7 23. Rxf7 Be8 24.
Rf2 Bh5 25. Raf1 Nd7 26. Nf6 Nxf6 27. exf6 Bh6 28. Kh1 Rf8 29. Ng4 Bxg4 30. hxg4 Be3 31. Rf3 Bd2 32. Bg6 Bh6 33. f7 Bg7 34. Bh5 Kd7 35. Kh2 Ke7 36. Kh3 a5 37. Kxh4 1-0

[Event "Live Chess"]
[Site "Chess.com"]
[Date "2023.05.20"]
[Round "-"]
[White "alexlines8"]
[Black "ZackirtyChess"]
[Result "1/2-1/2"]
[WhiteElo "1268"]
[BlackElo "1150"]
[TimeControl "300"]
[EndTime "9:44:21 PDT"]
[Termination "Game drawn by repetition"]

1. e4 e5 2. Nc3 Nc6 3. Bc4 Nf6 4. d3 Bb4 5. Bd2 h6 6. Nf3 Bxc3 7. Bxc3 d5 8. exd5 Nxd5 9. Nxe5 Nxc3 10. Bxf7+ Kf8 11.
Qh5 Nxe5 12. Qxe5 Kxf7 13. Qxc3 Be6 14. O-O Rg8 15. Rfe1 Qf6 16. Qxc7+ Qe7 17. Qf4+ Qf6 18. Qc7+ Qe7 19. Qf4+ Kg6 20. Qe4+ Kf6 21. Qe5+ Kf7 22. Qf4+ 1/2-1/2

[Event "Live Chess"]
[Site "Chess.com"]
[Date "2023.05.20"]
[Round "-"]
[White "Bob2pen"]
[Black "MartaMost"]
[Result "1-0"]
[WhiteElo "1827"]
[BlackElo "857"]
[TimeControl "300"]
[EndTime "9:44:23 PDT"]
[Termination "Bob2pen won by checkmate"]

1. c4 e5 2. g3 Nc6 3. Bg2 Nf6 4. Nc3 Bb4 5. Nf3 Bxc3 6. bxc3 d5 7. cxd5 Qxd5 8. O-O Bg4 9. Qb3 Qxb3 10. axb3 Bxf3 11.
Bxf3 Na5 12. b4 Nb3 13. Ra3 Nxc1 14. Rxc1 e4 15. Bg2 Rd8 16. Rxa7 c6 17. Rxb7 Rxd2 18. Rc7 Rxe2 19. Rc8+ Ke7 20. Rxh8 h6 21. Rc8 Ng4 22.
Rf1 Ne5 23. h4 Rc2 24. Bxe4 Rxc3 25. b5 Rc4 26. Bxc6 Nxc6 27. Rxc6 Rxc6 28. bxc6 Kd8 29.
Rc1 Kc7 30. Kg2 f5 31. Kf3 g5 32. hxg5 hxg5 33. Ke3 f4+ 34. gxf4 gxf4+ 35. Kxf4 Kd6 36. c7 Kd7 37. c8=Q+ Kd6 38. Rc6+ Kd5 39. Qd7# 1-0